 Dungeon Crawl Stone Soup version 0.28-a0-580-ga2639ab843 (webtiles) character file.

Game seed: 12579212648305725600

69757 sleeves the Devastator (level 14, -32/99 HPs)
             Began as a Demonspawn Conjurer on Oct 2, 2021.
             Was a High Priest of Hepliaklqana.
             Killed from afar by a fire dragon (57 damage)
             ... with a blast of flame
             ... on level 6 of the Lair of Beasts.
             The game lasted 00:58:13 (26738 turns).

sleeves the Devastator (Demonspawn Conjurer)       Turns: 26738, Time: 00:58:14

Health: -32/99     AC:  7    Str:  9    XL:     14   Next: 91%
Magic:  9/31       EV: 15    Int: 26    God:    Hepliaklqana [*****.]
Gold:   1481       SH:  5    Dex: 14    Spells: 23/40 levels left

rFire   . . .      SeeInvis +   b - staff of conjuration
rCold   . . .      Faith    .   K - +0 buckler
rNeg    . . .      Spirit   .   B - +0 troll leather armour
rPois   +          Reflect  .   (helmet unavailable)
rElec   .          Harm     .   o - +0 cloak
rCorr   .          Rampage  .   z - +1 pair of gloves {Dex+3}
Will    +....                   (no boots)
Stlth   ++........              (no amulet)
HPRegen 1.26/turn               p - +4 ring of evasion
MPRegen 0.22/turn               v - ring of wizardry

@: about to teleport, corroded
A: reduced essence, antennae 3, slimy green scales 3, ignite blood 2, clever 1,
sense surroundings 1
a: Renounce Religion, Recall Ancestor, Ancestor Identity, Transference, Idealise


You were on level 6 of the Lair of Beasts.
You worshipped Hepliaklqana.
Hepliaklqana was extremely pleased with you.
You visited 3 branches of the dungeon, and saw 19 of its levels.

You collected 1520 gold pieces.
You spent 39 gold pieces at shops.

Inventory:

Hand Weapons
 a - a +2 dagger of venom
   (You found it on level 1 of the Dungeon)
 n - a +4 long sword of flaming
   (You took it off a wight on level 8 of the Dungeon)
 A - the +10 spear of Expedience {drain, rPois}
   (You found it on level 11 of the Dungeon)

   A truly terrible weapon, it drains the life of any living foe it strikes.
   rPois:     It protects you from poison.
Missiles
 F - a throwing net
Armour
 o - a +0 cloak (worn)
   (You found it on level 3 of the Dungeon)
 z - a +1 pair of gloves of dexterity (worn)
   (You found it on level 9 of the Dungeon)
 B - a +0 troll leather armour (worn)
   (You found it on level 10 of the Dungeon)
 K - a +0 buckler (worn)
   (You found it on level 3 of the Lair of Beasts)
Magical Staves
 b - a staff of conjuration (weapon)
   (You found it on level 2 of the Dungeon)
Jewellery
 p - a +4 ring of evasion (left hand)
   (You found it on level 4 of the Dungeon)
 v - a ring of wizardry (right hand)
   (You found it on level 8 of the Dungeon)
 w - an amulet of regeneration
   (You found it on level 6 of the Lair of Beasts)
 G - a +6 ring of strength
   (You found it on level 11 of the Dungeon)
 H - a ring of resist corrosion
   (You found it on level 12 of the Dungeon)
Wands
 s - a wand of iceblast (31)
   (You found it on level 9 of the Dungeon)
 t - a wand of mindburst (7)
   (You found it on level 7 of the Dungeon)
 y - a wand of paralysis (11)
   (You found it on level 9 of the Dungeon)
 C - a wand of flame (23)
   (You took it off Joseph on level 10 of the Dungeon)
Scrolls
 c - 11 scrolls of teleportation
 e - a scroll of torment
 i - 3 scrolls of amnesia
 j - 2 scrolls of identify
 k - 8 scrolls of enchant armour
 l - a scroll of summoning
 m - 3 scrolls of fear
 r - 5 scrolls of enchant weapon
 E - a scroll of blinking
Potions
 d - 5 potions of flight
 f - a potion of haste
 g - 5 potions of mutation
 h - 7 potions of curing
 q - 3 potions of might
 u - 2 potions of ambrosia
 x - a potion of cancellation
 I - 2 potions of magic


   Skills:
 - Level 10.1 Fighting
 - Level 1.7 Dodging
 - Level 1.7 Stealth
 - Level 4.0 Shields
 + Level 13.6 Spellcasting
 + Level 17.4 Conjurations
 - Level 10.0 Evocations


You had 23 spell levels left.
You knew the following spells:

 Your Spells              Type           Power      Damage    Failure   Level
a - Magic Dart            Conj           100%       1d8       0%          1
b - Searing Ray           Conj           100%       2d8       0%          2
c - Fulminant Prism       Conj/Hex       38%        3d18      1%          4
d - Iskenderun's Mystic   Conj/Tloc      76%        2d15      1%          4
e - Blink                 Tloc           N/A        N/A       2%          2
f - Passage of Golubria   Tloc           N/A        N/A       17%         4

Your spell library contained the following spells:

 Spells                   Type           Power      Damage    Failure   Level
 Beastly Appendage        Tmut           34%        N/A       1%          1
 Pain                     Necr           68%        1d7       1%          1
 Dazzling Flash           Conj/Hex       100%       N/A       1%          3
 Irradiate                Conj/Tmut      38%        3d26      1%          5
 Ensorcelled Hibernation  Hex/Ice        34%        N/A       2%          2
 Wereblood                Tmut           17%        N/A       2%          2
 Lesser Beckoning         Tloc           17%        N/A       6%          3
 Spider Form              Tmut/Pois      8%         N/A       6%          3
 Tukima's Dance           Hex            17%        N/A       6%          3
 Agony                    Necr           17%        N/A       43%         5
 Blade Hands              Tmut           8%         N/A       43%         5
 Excruciating Wounds      Necr           8%         N/A       43%         5
 Manifold Assault         Tloc           17%        N/A       43%         5
 Silence                  Hex/Air        8%         N/A       43%         5
 Yara's Violent Unravell  Hex/Tmut       8%         3d5       43%         5
 Lehudib's Crystal Spear  Conj/Erth      38%        10d9      96%         8
 Dragon Form              Tmut           8%         N/A       100%        7


Dungeon Overview and Level Annotations

Branches:
Dungeon (12/15)            Temple (1/1) D:6            Lair (6/6) D:9
  Swamp (0/4) Lair:4       Spider (0/4) Lair:3        Slime (0/5) Lair:6
    Orc (0/2) D:11

Altars:
Ashenzari
Cheibriados
Dithmenos
Elyvilon
Fedhas
Gozag
Hepliaklqana
Kikubaaqudgha
Makhleb
Nemelex Xobeh
Okawaru
Qazlal
Ru
Sif Muna
Trog
Uskayaw
Vehumet
Wu Jian
Xom
Yredelemnul
Zin
The Shining One

Shops:
D:9 !

Annotations:
D:5 2 transporters


Innate Abilities, Weirdness & Mutations

Your life essence is reduced to manifest your ancestor. (-10% HP)
You have a pair of large antennae on your head. (SInv)
You are completely covered in slimy green scales. (AC +4, rPois)
Your demonic aura often causes spilled blood to erupt in flames.
Your mind is acute. (Int +2)
You passively map a small area around you.


Message History

The black bear is engulfed in blazing flames.
You kill the black bear!
Mikana avoids your attack.
You start resting.
Ancestor HP restored.
You start resting.
Magic restored.
You swap places.
You see here a black bear corpse.
You see here a wolf corpse.
Found a dream sheep corpse and a black bear corpse.
Things that are here:
a hell hound corpse; a polar bear corpse; a wolf corpse A hell hound comes into view.
A polar bear comes into view.
There are monsters nearby!
There are monsters nearby!
Found 25 stones.
Things that are here:
a warg corpse; a polar bear corpse A black bear comes into view.
The black bear growls angrily.
You hear an angry growl.
You hear a howl!
Casting: Searing Ray (safe; 0% risk of failure)
Confirm with . or Enter, or press ? or * to list all spells.
Aiming: Fulminant Prism (mildly dangerous; 1% risk of failure)
Press: ? - help, Dir - move target You feel a surge of power!
You conjure a prism of explosive energy!
A fulminant prism comes into view.
A wolf comes into view.
Found 26 gold pieces.
A polar bear comes into view.
The polar bear bites you. You block the polar bear's attack.
The polar bear claws you but does no damage.
Your fulminant prism crackles loudly.
You swap places.
Mikana hits the polar bear with a +0 quarterstaff.
The polar bear is engulfed in blazing flames.
The polar bear barely misses Mikana.
The polar bear claws Mikana but does no damage.
The polar bear barely misses Mikana.
The black bear bites your fulminant prism.
The black bear claws your fulminant prism but does no damage. x2
Your fulminant prism explodes!
The blast of energy engulfs the polar bear!!
The polar bear is severely wounded.
The blast of energy engulfs the black bear!!!
You kill the black bear!
Mikana avoids your attack.
The blast of energy engulfs the wolf.
The wolf is lightly wounded.
You hear an angry growl.
You hear a bark! x2; You hear a howl! x5
Casting: Fulminant Prism (mildly dangerous; 1% risk of failure)
Confirm with . or Enter, or press ? or * to list all spells.
Aiming: Fulminant Prism (mildly dangerous; 1% risk of failure)
Press: ? - help, Dir - move target You feel a surge of power!
You conjure a prism of explosive energy!
A fulminant prism comes into view.
A polar bear comes into view.
The polar bear is engulfed in blazing flames.
The polar bear goes berserk!
Mikana hits the polar bear with a +0 quarterstaff!!
The polar bear dies!
A black bear comes into view.
Mikana points at the wolf and mumbles some strange words.
You hear a sizzling sound!
Your fulminant prism crackles loudly.
A polar bear comes into view.
The wolf bites Mikana.
Mikana completely misses the wolf.
Your fulminant prism explodes!
The blast of energy engulfs the wolf!!
You kill the wolf!
The blast of energy engulfs the polar bear!!
The polar bear is heavily wounded.
The blast of energy engulfs the polar bear!!
The polar bear is heavily wounded.
Mikana avoids your attack.
You hear an angry growl. x2
Casting: Fulminant Prism (mildly dangerous; 1% risk of failure)
Confirm with . or Enter, or press ? or * to list all spells.
Aiming: Fulminant Prism (mildly dangerous; 1% risk of failure)
Press: ? - help, Dir - move target You feel a surge of power!
You conjure a prism of explosive energy!
A fulminant prism comes into view.
The polar bear bites your fulminant prism!
The polar bear claws your fulminant prism. x2
Your fulminant prism crackles loudly.
The polar bear bites your fulminant prism!
Your fulminant prism explodes!
The blast of energy engulfs the black bear!
The black bear is heavily wounded.
Mikana avoids your attack.
The blast of energy engulfs the polar bear!
The polar bear is moderately wounded.
The blast of energy engulfs the polar bear!!
The polar bear is almost dead.
Mikana hits the polar bear with a +0 quarterstaff!!
The polar bear dies!
You hear a howl!
Casting: Fulminant Prism (mildly dangerous; 1% risk of failure)
Confirm with . or Enter, or press ? or * to list all spells.
Aiming: Fulminant Prism (mildly dangerous; 1% risk of failure)
Press: ? - help, Dir - move target You feel a surge of power!
You conjure a prism of explosive energy!
A fulminant prism comes into view.
The polar bear bites you but does no damage.
You block the polar bear's attack. The polar bear claws you.
Casting: Fulminant Prism (mildly dangerous; 1% risk of failure)
Confirm with . or Enter, or press ? or * to list all spells.
Aiming: Searing Ray (safe; 0% risk of failure)
Press: ? - help, Shift-Dir - straight line, f - black bear
Aim: a black bear (heavily wounded, 87% to hit)
You feel a surge of power!
The searing ray hits the polar bear but does no damage.
The polar bear is heavily wounded.
The searing ray hits the polar bear!
The polar bear is moderately wounded.
The searing ray hits the black bear!
The black bear is severely wounded. (Press . to maintain the ray.)
The black bear is engulfed in blazing flames.
You kill the black bear!
The polar bear is engulfed in blazing flames.
The polar bear bites you. The polar bear closely misses you. x2
Mikana hits the polar bear with a +0 quarterstaff.
A polar bear comes into view.
Your fulminant prism crackles loudly.
The searing ray hits the polar bear but does no damage.
The polar bear is heavily wounded.
The polar bear misses you. The polar bear closely misses you.
The polar bear claws you but does no damage.
The polar bear barely misses you.
The polar bear claws you but does no damage. x2
Mikana hits the polar bear with a +0 quarterstaff!!
Your fulminant prism explodes!
Mikana avoids your attack.
The blast of energy engulfs the polar bear!!
You kill the polar bear!
The blast of energy engulfs the polar bear!!
You kill the polar bear!
You hear a bark! x2
Casting: Searing Ray (safe; 0% risk of failure)
Confirm with . or Enter, or press ? or * to list all spells.
Aiming: Fulminant Prism (mildly dangerous; 1% risk of failure)
Press: ? - help, Dir - move target You feel a surge of power!
You conjure a prism of explosive energy!
A fulminant prism comes into view.
Your fulminant prism crackles loudly.
Your fulminant prism explodes!
The blast of energy engulfs the polar bear!!
The polar bear is heavily wounded.
You hear a howl!
What are your orders? t - Shout!
Orders for allies: a - Attack new target. r - Retreat! s - Stop attacking. g - Guard the area. f - Follow me.
Anything else - Cancel.
Gang up on whom?
Press: ? - help, Dir - move target, f - polar bear
Aim: a polar bear (flame, heavily wounded, ally target) Attack!
The polar bear is engulfed in blazing flames.
The polar bear goes berserk!
A polar bear comes into view.
The polar bear is engulfed in blazing flames.
The polar bear misses Mikana.
The polar bear barely misses Mikana.
The polar bear claws Mikana but does no damage.
Mikana hits the polar bear with a +0 quarterstaff!
The polar bear dies!
Mikana points at the polar bear and mumbles some strange words.
The stone arrow hits the polar bear!
Found 3 potions of flight.
The polar bear is engulfed in blazing flames.
Mikana hits the polar bear with a +0 quarterstaff!
Casting: Fulminant Prism (mildly dangerous; 1% risk of failure)
Confirm with . or Enter, or press ? or * to list all spells.
Aiming: Fulminant Prism (mildly dangerous; 1% risk of failure)
Press: ? - help, Dir - move target, f - polar bear
Aim: a polar bear (flame, severely wounded, ally target)
You feel a surge of power!
You can't place the prism on a creature.
Unknown command.
Casting: Fulminant Prism (mildly dangerous; 1% risk of failure)
Confirm with . or Enter, or press ? or * to list all spells.
Aiming: Searing Ray (safe; 0% risk of failure)
Press: ? - help, Shift-Dir - straight line, f/p - polar bear
Aim: a polar bear (flame, severely wounded, ally target, 87% to hit)
You feel a surge of power!
The searing ray hits the polar bear.
The polar bear is almost dead. (Press . to maintain the ray.)
The polar bear is engulfed in blazing flames.
The polar bear goes berserk!
Mikana barely misses the polar bear.
The searing ray hits the polar bear.
You kill the polar bear!
A polar bear comes into view.
Casting: Searing Ray (safe; 0% risk of failure)
Confirm with . or Enter, or press ? or * to list all spells.
Aiming: Searing Ray (safe; 0% risk of failure)
Press: ? - help, Shift-Dir - straight line, f - polar bear
Aim: a polar bear (87% to hit)
Okay, then.
What are your orders? t - Shout!
Orders for allies: a - Attack new target. r - Retreat! s - Stop attacking. g - Guard the area. f - Follow me.
Anything else - Cancel.
Gang up on whom?
Press: ? - help, Dir - move target, f - polar bear
Aim: a polar bear Attack!
Casting: Searing Ray (safe; 0% risk of failure)
Confirm with . or Enter, or press ? or * to list all spells.
Aiming: Searing Ray (safe; 0% risk of failure)
Press: ? - help, Shift-Dir - straight line, f/p - polar bear
Aim: a polar bear (ally target, 87% to hit)
You feel a surge of power! Mikana avoids your attack.
The searing ray hits the polar bear.
The polar bear is lightly wounded. (Press . to maintain the ray.) Mikana gestures at the polar bear while chanting.
The stone arrow hits the polar bear!
Mikana avoids your attack.
The searing ray hits the polar bear.
The polar bear is moderately wounded.
* * * LOW MAGIC WARNING * * *
A wolf comes into view.
Mikana hits the polar bear with a +0 quarterstaff!!
The polar bear is engulfed in blazing flames.
You kill the polar bear!
Mikana avoids your attack.
* * * LOW MAGIC WARNING * * *
Casting: Searing Ray (safe; 0% risk of failure)
Confirm with . or Enter, or press ? or * to list all spells.
Aiming: Fulminant Prism (mildly dangerous; 1% risk of failure)
Press: ? - help, Dir - move target You feel a surge of power!
You conjure a prism of explosive energy!
* * * LOW MAGIC WARNING * * *
A fulminant prism comes into view.
Unknown command.
Your fulminant prism crackles loudly.
The wolf barely misses Mikana.
The wolf bites Mikana.
Mikana barely misses the wolf.
Your fulminant prism explodes!
The blast of energy engulfs the wolf!
The wolf is severely wounded.
Mikana avoids your attack.
You hear a bark! x2; You hear a howl!
You hear a bark! x3
The wolf closely misses Mikana.
The wolf bites Mikana.
Mikana hits the wolf but does no damage.
The wolf bites Mikana.
Mikana misses the wolf.
The wolf bites Mikana.
Something bites Mikana!
The wolf bites Mikana!
Mikana casts a spell at the wolf.
The stone arrow misses the wolf.
Things that are here:
a warg corpse; a polar bear corpse The wolf barely misses something.
You see here a hell hound corpse.
Something bites Mikana.
Mikana is destroyed!
You see here a raiju corpse.
You see here a wolf skeleton.
What are your orders? t - Shout!
Orders for allies: a - Attack new target. r - Retreat! s - Stop attacking. g - Guard the area. f - Follow me.
Anything else - Cancel.
Gang up on whom?
Press: ? - help, Dir - move target, f - wolf
Aim: a wolf (severely wounded) Attack!
You hit the wolf but do no damage.
You blast the wolf!
You kill the wolf!
You start resting.
Mikana emerges from the mists of memory!
You start resting.
Magic restored.
You see here a wolf skeleton.
Things that are here:
a hell hound skeleton; a polar bear skeleton; a wolf skeleton A hell hound is nearby!
A hell hound is nearby!
Casting: Fulminant Prism (mildly dangerous; 1% risk of failure)
Confirm with . or Enter, or press ? or * to list all spells.
You don't know that spell.
You feel a surge of power!
The magic dart hits the hell hound.
The hell hound is lightly wounded.
Mikana gestures at the hell hound while chanting.
The stone arrow hits the hell hound!
You feel a surge of power!
The magic dart hits the hell hound.
The hell hound is heavily wounded.
Casting: Magic Dart (safe; 0% risk of failure)
Confirm with . or Enter, or press ? or * to list all spells.
Aiming: Searing Ray (safe; 0% risk of failure)
Press: ? - help, Shift-Dir - straight line, f/p - hell hound
Aim: a hell hound (heavily wounded, ally target, 76% to hit)
You feel a surge of power!
The searing ray misses the hell hound. (Press . to maintain the ray.)
The hell hound bites you!
The searing ray hits the hell hound!
The hell hound is severely wounded.
The hell hound bites you but does no damage.
Mikana hits the hell hound with a +0 quarterstaff.
You block the hell hound's attack.
The searing ray hits the hell hound!
You kill the hell hound!
HP restored.
Things that are here:
a warg skeleton; a polar bear skeleton You see here a dream sheep skeleton.
Things that are here:
a black bear skeleton; a black bear skeleton A hell hound comes into view.
Items here: ( ) ††.
A hell hound is nearby!
A hell hound is nearby!
A warg comes into view.
The hell hound breathes flames at you. The blast of flame hits you!!
You hear a howl!
You see here a polar bear corpse.
Casting: Searing Ray (safe; 0% risk of failure)
Confirm with . or Enter, or press ? or * to list all spells.
Aiming: Searing Ray (safe; 0% risk of failure)
Press: ? - help, Shift-Dir - straight line, f - hell hound
Aim: a hell hound (catching its breath, ally target, 76% to hit)
You feel a surge of power!
The searing ray hits the hell hound!
The hell hound is moderately wounded. (Press . to maintain the ray.) Mikana gestures at the hell hound while chanting.
The stone arrow hits the hell hound!!
The hell hound dies!
A wolf comes into view.
A warg comes into view.
The searing ray hits the warg!
The warg is moderately wounded.
A hell hound comes into view.
Unknown command.
Casting: Searing Ray (safe; 0% risk of failure)
Confirm with . or Enter, or press ? or * to list all spells.
Aiming: Fulminant Prism (mildly dangerous; 1% risk of failure)
Press: ? - help, Dir - move target You feel a surge of power!
You conjure a prism of explosive energy!
A fulminant prism comes into view.
The warg bites you.
Mikana points at the warg and mumbles some strange words.
The puff of frost hits the warg.
Your fulminant prism crackles loudly.
The wolf misses Mikana.
The wolf bites Mikana.
You block the warg's attack.
Mikana hits the wolf with a +0 quarterstaff!
Your fulminant prism explodes!
The blast of energy engulfs the wolf!!
You kill the wolf!
The blast of energy engulfs the warg!!
The warg is almost dead.
The blast of energy engulfs the warg!!
You kill the warg!
Mikana avoids your attack.
You feel a bit more experienced.
You hear a bark! x2; You hear a howl!
Casting: Fulminant Prism (mildly dangerous; 1% risk of failure)
Confirm with . or Enter, or press ? or * to list all spells.
Aiming: Fulminant Prism (mildly dangerous; 1% risk of failure)
Press: ? - help, Dir - move target You feel a surge of power!
You conjure a prism of explosive energy!
A fulminant prism comes into view.
The warg bites Mikana!
Mikana hits the warg with a +0 quarterstaff.
The warg barely misses Mikana. x2; Mikana misses the warg.
Your fulminant prism crackles loudly.
The warg closely misses Mikana.
Mikana closely misses the warg.
Your fulminant prism explodes!
The blast of energy engulfs the warg!!
You kill the warg!
Mikana avoids your attack.
You hear a bark!
You hear a howl!
A boulder beetle comes into view.
Casting: Fulminant Prism (mildly dangerous; 1% risk of failure)
Confirm with . or Enter, or press ? or * to list all spells.
Aiming: Fulminant Prism (mildly dangerous; 1% risk of failure)
Press: ? - help, Dir - move target You feel a surge of power!
You conjure a prism of explosive energy!
A fulminant prism comes into view.
Casting: Fulminant Prism (mildly dangerous; 1% risk of failure)
Confirm with . or Enter, or press ? or * to list all spells.
Aiming: Fulminant Prism (mildly dangerous; 1% risk of failure)
Press: ? - help, Dir - move target, f - boulder beetle
Aim: a boulder beetle (ally target)
Okay, then.
Unknown command.
Casting: Fulminant Prism (mildly dangerous; 1% risk of failure)
Confirm with . or Enter, or press ? or * to list all spells.
Aiming: Searing Ray (safe; 0% risk of failure)
Press: ? - help, Shift-Dir - straight line, f - boulder beetle
Aim: a boulder beetle (ally target, 100% to hit)
You feel a surge of power!
The searing ray hits the boulder beetle!
The boulder beetle is lightly wounded. (Press . to maintain the ray.)
Your fulminant prism crackles loudly.
Mikana avoids your attack.
The searing ray hits the boulder beetle but does no damage.
The boulder beetle is lightly wounded.
The boulder beetle leaps!
Your fulminant prism explodes!
Mikana avoids your attack.
You hear a howl!
You hear a bark!
You hear a howl!
You hear a bark!
You hear a howl!
Mikana points at the boulder beetle and mumbles some strange words.
The stone arrow hits the boulder beetle but does no damage.
Casting: Searing Ray (safe; 0% risk of failure)
Confirm with . or Enter, or press ? or * to list all spells.
You can't see any susceptible monsters within range! (Use Z to cast anyway.) Unknown command.
Casting: Searing Ray (safe; 0% risk of failure)
Confirm with . or Enter, or press ? or * to list all spells.
Aiming: Fulminant Prism (mildly dangerous; 1% risk of failure)
Press: ? - help, Dir - move target, p - boulder beetle You feel a surge of power!
You conjure a prism of explosive energy!
A fulminant prism comes into view.
The boulder beetle bites your fulminant prism!!
Your fulminant prism detonates feebly.
The boulder beetle bites Mikana but does no damage.
Mikana hits the boulder beetle with a +0 quarterstaff!
Casting: Fulminant Prism (mildly dangerous; 1% risk of failure)
Confirm with . or Enter, or press ? or * to list all spells.
Aiming: Fulminant Prism (mildly dangerous; 1% risk of failure)
Press: ? - help, Dir - move target You feel a surge of power!
You conjure a prism of explosive energy!
A fulminant prism comes into view.
The boulder beetle curls into a ball and begins rolling!
Mikana points at the boulder beetle and mumbles some strange words.
The stone arrow hits the boulder beetle.
You hear a bark!
A hell hound comes into view.
The boulder beetle hits Mikana!!
The boulder beetle stops rolling and uncurls.
Mikana casts a spell at the boulder beetle.
The stone arrow hits the boulder beetle.
Your fulminant prism crackles loudly.
You hear a bark!
The hell hound bites your fulminant prism.
The boulder beetle bites Mikana.
Mikana hits the boulder beetle but does no damage.
Your fulminant prism explodes!
The blast of energy engulfs the boulder beetle!!!
The boulder beetle is almost dead.
Mikana avoids your attack.
The blast of energy engulfs the hell hound!!
The hell hound is severely wounded.
You hear a bark!
You hear a howl!
You hear a bark!
Casting: Fulminant Prism (mildly dangerous; 1% risk of failure)
Confirm with . or Enter, or press ? or * to list all spells.
Aiming: Fulminant Prism (mildly dangerous; 1% risk of failure)
Press: ? - help, Dir - move target You feel a surge of power!
You conjure a prism of explosive energy!
* * * LOW MAGIC WARNING * * *
A fulminant prism comes into view.
The hell hound breathes flames at you.
The blast of flame hits your fulminant prism.
Your fulminant prism resists.
The blast of flame misses you.
The boulder beetle bites Mikana!!
Mikana is destroyed!
The hell hound breathes flames at you.
The blast of flame hits your fulminant prism.
Your fulminant prism resists.
The blast of flame hits you.
The hell hound bites your fulminant prism!
The boulder beetle curls into a ball and begins rolling!
Your fulminant prism crackles loudly.
The hell hound bites your fulminant prism.
Your fulminant prism explodes!
The blast of energy engulfs the boulder beetle!!
You kill the boulder beetle!
The blast of energy engulfs the hell hound!
You kill the hell hound!
You hear a howl!
You hear a bark!
You hear a howl!
You start resting.
Mikana emerges from the mists of memory!
Key pressed, stopping explore.
Magic restored.
j - a scroll of identify You see here a +0 leather armour.
You swap places.
You now have 1052 gold pieces (gained 26).
j - 2 scrolls of identify (gained 1)
d - 5 potions of flight (gained 3)
You pick up a book of Changes and begin reading...
You add the spells Beastly Appendage, Wereblood and Spider Form to your library.
A wolf and a hell hound come into view.
The wolf moves out of view.
A hell hound is nearby!
A hell hound is nearby!
Casting: Fulminant Prism (mildly dangerous; 1% risk of failure)
Confirm with . or Enter, or press ? or * to list all spells.
You don't know that spell.
You feel a surge of power!
The magic dart hits the hell hound.
The hell hound is moderately wounded.
The hell hound barks!
You hear a howl!
You hear a bark!
You feel a surge of power!
The magic dart hits the hell hound.
The hell hound is heavily wounded.
Casting: Magic Dart (safe; 0% risk of failure)
Confirm with . or Enter, or press ? or * to list all spells.
Aiming: Searing Ray (safe; 0% risk of failure)
Press: ? - help, Shift-Dir - straight line, f/p - hell hound
Aim: a hell hound (heavily wounded, ally target, 76% to hit)
You feel a surge of power!
The searing ray hits the hell hound!
The hell hound is severely wounded. (Press . to maintain the ray.)
The searing ray hits the hell hound.
The hell hound is severely wounded.
The hell hound bites you. x2
The searing ray hits the hell hound.
The hell hound is almost dead.
The hell hound misses you.
A hell hound is nearby!
The searing ray misses the hell hound.
You finish channelling your searing ray.
The hell hound bites you. The hell hound completely misses you.
A hell hound is nearby!
A hell hound is nearby!
The hell hound closely misses you.
Casting: Searing Ray (safe; 0% risk of failure)
Confirm with . or Enter, or press ? or * to list all spells.
Aiming: Searing Ray (safe; 0% risk of failure)
Press: ? - help, Shift-Dir - straight line, f/p - hell hound
Aim: a hell hound (almost dead, ally target, 76% to hit)
You feel a surge of power!
The searing ray hits the hell hound!
You kill the hell hound! (Press . to maintain the ray.)
A wolf is nearby!
A wolf is nearby!
A wolf is nearby!
A wolf is nearby!
Found 374 gold pieces.
Casting: Searing Ray (safe; 0% risk of failure)
Confirm with . or Enter, or press ? or * to list all spells.
Aiming: Searing Ray (safe; 0% risk of failure)
Press: ? - help, Shift-Dir - straight line, f - wolf
Aim: a wolf (72% to hit)
You feel a surge of power!
The searing ray misses the wolf. (Press . to maintain the ray.)
The wolf bites you.
Mikana hits the wolf with a +0 quarterstaff!!
A wolf is nearby!
A wolf is nearby!
A wolf is nearby!
You feel a surge of power!
The magic dart hits the wolf.
You kill the wolf!
You can't see any susceptible monsters within range! (Use Z to cast anyway.)
You sense a monster nearby.
You sense a monster nearby.
Key pressed, stopping explore.
q - 3 potions of might (gained 1);
w - an amulet of regeneration You now have 1426 gold pieces (gained 374).
You now have 1448 gold pieces (gained 22).
You now have 1460 gold pieces (gained 12).
You now have 1471 gold pieces (gained 11).
You swap places.
You sense a monster nearby.
You sense a monster nearby. 3 hell hounds come into view.
The hell hound barks! x2
There are monsters nearby!
There are monsters nearby!
Casting: Magic Dart (safe; 0% risk of failure)
Confirm with . or Enter, or press ? or * to list all spells.
Aiming: Fulminant Prism (mildly dangerous; 1% risk of failure)
Press: ? - help, Dir - move target You feel a surge of power!
You conjure a prism of explosive energy!
The hell hound barks!
A fulminant prism comes into view.
You hear a howl!
A wolf comes into view.
You hear a bark!
Your fulminant prism crackles loudly.
Your fulminant prism explodes!
The blast of energy engulfs the wolf!!
You kill the wolf!
The blast of energy engulfs the hell hound!!!
You kill the hell hound!
You feel a bit more experienced. Mikana avoids your attack.
The blast of energy engulfs the hell hound!!!
You kill the hell hound!
You hear a howl! x2; You hear a bark!
You see here a hell hound corpse.
A wolf comes into view.
You hit the wolf but do no damage. You block the wolf's attack.
The wolf misses you.
You hit the wolf but do no damage.
You blast the wolf!
The wolf is severely wounded.
The wolf misses you. The wolf barely misses you.
Mikana misses the wolf.
You barely miss the wolf.
The wolf is severely wounded.
You block the wolf's attack. The wolf misses you.
Mikana hits the wolf with a +0 quarterstaff!
The wolf dies!
A hell hound comes into view.
You see here a hell hound corpse.
Mikana casts a spell at the hell hound.
The stone arrow hits the hell hound!!
The hell hound misses you.
You barely miss the hell hound.
The hell hound is severely wounded.
The hell hound breathes flames at you. The blast of flame misses you.
The hell hound bites you.
You miss the hell hound.
The hell hound is severely wounded.
A wolf comes into view.
The hell hound bites you but does no damage.
Mikana hits the hell hound with a +0 quarterstaff!!
The hell hound dies!
The wolf moves out of view.
A hell hound comes into view.
You feel a surge of power!
The magic dart hits the hell hound.
The hell hound is lightly wounded.
The hell hound moves out of view.
A raiju comes into view.
You feel a surge of power!
The magic dart hits the wolf!
The wolf is moderately wounded.
The wolf is engulfed in blazing flames.
You swap places.
The wolf barely misses you. x2
You miss the wolf.
The wolf is heavily wounded.
The wolf closely misses you.
Mikana barely misses the wolf.
The wolf bites you.
You hit the wolf but do no damage.
You blast the wolf!
The wolf is almost dead.
You block the wolf's attack.
Mikana casts a spell at the wolf.
The puff of frost hits the wolf.
The wolf dies!
Casting: Magic Dart (safe; 0% risk of failure)
Confirm with . or Enter, or press ? or * to list all spells.
Aiming: Fulminant Prism (mildly dangerous; 1% risk of failure)
Press: ? - help, Dir - move target You feel a surge of power!
You conjure a prism of explosive energy!
A fulminant prism comes into view.
Mikana barely misses the raiju.
The raiju misses you. You block the hell hound's attack.
The hell hound bites you.
Mikana hits the raiju with a +0 quarterstaff!!
The raiju bursts into living lightning!
The living lightning misses you.
The raiju blinks!
Your fulminant prism crackles loudly.
The hell hound bites you but does no damage.
Mikana closely misses the raiju.
The raiju barely misses you.
Your fulminant prism explodes!
The blast of energy engulfs the hell hound!
The hell hound is heavily wounded.
The blast of energy engulfs the raiju!!
You kill the raiju!
The hell hound bites you.
A wolf comes into view.
The hell hound bites you.
Mikana casts a spell at the hell hound.
The puff of frost hits the hell hound!
The hell hound is frozen!
The hell hound dies!
You see here a raiju corpse.
You see here a hell hound corpse.
You closely miss the wolf. The wolf bites you but does no damage.
A wolf comes into view.
The wolf misses you.
Mikana casts a spell at the wolf.
The stone arrow hits the wolf!!
Casting: Fulminant Prism (mildly dangerous; 1% risk of failure)
Confirm with . or Enter, or press ? or * to list all spells.
Aiming: Searing Ray (safe; 0% risk of failure)
Press: ? - help, Shift-Dir - straight line, f - wolf
Aim: a wolf (severely wounded, ally target, 72% to hit)
You feel a surge of power!
The searing ray hits the wolf.
You kill the wolf! (Press . to maintain the ray.)
You see here a wolf corpse.
You hit the wolf but do no damage.
You blast the wolf.
The wolf is lightly wounded.
The wolf bites you but does no damage. x2
You closely miss the wolf.
The wolf is lightly wounded.
The wolf closely misses you.
Mikana misses the wolf.
The wolf bites you but does no damage.
You closely miss the wolf. The wolf closely misses you.
Mikana closely misses the wolf.
The wolf bites you but does no damage.
Mikana hits the wolf but does no damage.
You closely miss the wolf. The wolf bites you.
Mikana hits the wolf with a +0 quarterstaff!!
The wolf dies!
HP restored.
You see here a hell hound skeleton.
h - 7 potions of curing (gained 2)
You see here a +0 robe.
You swap places.
You see here 25 stones.
Key pressed, stopping explore.
Found a stone staircase leading up.
g - 5 potions of mutation (gained 1)
You swap places.
Found a ring mail.
Found 5 atropa-tipped darts.
Found a plate armour and a scale mail.
Found 5 boomerangs.
You now have 1481 gold pieces (gained 10).
You see here a +0 plate armour.
s - a wand of iceblast (31) (gained 8 charges)
k - 8 scrolls of enchant armour (gained 1) Key pressed, stopping explore.
You swap places.
You sense a monster nearby.
You enter the shallow water.
Moving in this stuff is going to be slow.
A swamp drake and a steam dragon come into view.
The swamp drake roars!
You hear an angry hiss.
The swamp drake breathes poison at you. The noxious blast misses you.
The steam dragon moves out of view.
A swamp drake is nearby!
A swamp drake is nearby!
A swamp drake is nearby!
Casting: Searing Ray (safe; 0% risk of failure)
Confirm with . or Enter, or press ? or * to list all spells.
Aiming: Searing Ray (safe; 0% risk of failure)
Press: ? - help, Shift-Dir - straight line, f - swamp drake
Aim: a swamp drake (81% to hit)
You feel a surge of power!
The searing ray hits the swamp drake!
The swamp drake is heavily wounded. (Press . to maintain the ray.)
The searing ray hits the swamp drake!
The swamp drake is severely wounded.
The swamp drake bites Mikana!
Mikana avoids your attack.
The searing ray hits the swamp drake.
The swamp drake is almost dead.
Mikana gestures at the swamp drake while chanting.
The stone arrow hits the swamp drake!!
The swamp drake dies!
You swap places.
You enter the shallow water.
Moving in this stuff is going to be slow.
An iguana and an acid dragon come into view.
The iguana moves out of view.
Casting: Searing Ray (safe; 0% risk of failure)
Confirm with . or Enter, or press ? or * to list all spells.
Aiming: Searing Ray (safe; 0% risk of failure)
Press: ? - help, Shift-Dir - straight line, f - steam dragon
Aim: a steam dragon (water, 83% to hit)
You feel a surge of power!
The searing ray hits the steam dragon!
The steam dragon is moderately wounded. (Press . to maintain the ray.)
The acid dragon roars!
You hear an angry hiss.
The steam dragon bites Mikana.
The steam dragon barely misses Mikana.
A komodo dragon comes into view.
The searing ray hits the steam dragon.
The steam dragon is heavily wounded.
Mikana hits the steam dragon with a +0 quarterstaff!
The steam dragon breathes steam at you.
The ball of steam hits Mikana!
Mikana resists.
The ball of steam hits you!
You hear a deafening roar! x2; You hear a roar!
Casting: Searing Ray (safe; 0% risk of failure)
Confirm with . or Enter, or press ? or * to list all spells.
Aiming: Fulminant Prism (mildly dangerous; 1% risk of failure)
Press: ? - help, Dir - move target, p - steam dragon You feel a surge of power!
You conjure a prism of explosive energy!
A fulminant prism comes into view.
You are engulfed in a cloud of scalding steam.
Mikana completely misses the steam dragon.
The steam dragon closely misses Mikana.
The steam dragon completely misses Mikana.
Mikana hits the steam dragon with a +0 quarterstaff!!
The steam dragon dies!
Your fulminant prism crackles loudly.
Why would you want to do that?
You enter the shallow water.
Moving in this stuff is going to be slow.
The iguana bites your fulminant prism but does no damage.
Mikana casts a spell at the iguana.
The puff of frost hits the acid dragon!
Your fulminant prism explodes!
The blast of energy engulfs the iguana!
You kill the iguana!
The blast of energy engulfs the acid dragon!!
You kill the acid dragon!
You hear a splash.
The acid dragon scales are intact enough to wear.
The blast of energy engulfs the komodo dragon!!
The komodo dragon is heavily wounded.
Mikana avoids your attack.
The komodo dragon completely misses you.
Mikana points at the komodo dragon and mumbles some strange words.
The stone arrow hits the komodo dragon!!
The komodo dragon dies!
You see here a komodo dragon corpse.
You see here an iguana corpse.
Ancestor HP restored.
You enter the shallow water.
Moving in this stuff is going to be slow.
Things that are here:
+0 acid dragon scales; an acid dragon corpse You enter the shallow water.
Moving in this stuff is going to be slow.
You sense a monster nearby.
You swap places.
You sense a monster nearby.
You enter the shallow water.
Moving in this stuff is going to be slow.
j - 3 scrolls of identify (gained 1)
You enter the shallow water.
Moving in this stuff is going to be slow.
An iguana comes into view.
The iguana hisses angrily.
As you read the scroll of identify, it crumbles to dust.
f - a potion of haste
Casting: Fulminant Prism (mildly dangerous; 1% risk of failure)
Confirm with . or Enter, or press ? or * to list all spells.
Aiming: Searing Ray (safe; 0% risk of failure)
Press: ? - help, Shift-Dir - straight line, f - iguana
Aim: an iguana (85% to hit)
You feel a surge of power!
The searing ray hits the iguana.
The iguana is lightly wounded. (Press . to maintain the ray.) Mikana points at the iguana and mumbles some strange words.
The stone arrow hits the iguana!
The searing ray hits the iguana.
You kill the iguana!
You enter the shallow water.
Moving in this stuff is going to be slow.
Found a spear.
A rime drake comes into view.
The rime drake hisses angrily.
You hear an angry hiss.
Casting: Searing Ray (safe; 0% risk of failure)
Confirm with . or Enter, or press ? or * to list all spells.
Aiming: Fulminant Prism (mildly dangerous; 1% risk of failure)
Press: ? - help, Dir - move target You feel a surge of power!
You conjure a prism of explosive energy!
A fulminant prism comes into view.
Casting: Fulminant Prism (mildly dangerous; 1% risk of failure)
Confirm with . or Enter, or press ? or * to list all spells.
Aiming: Searing Ray (safe; 0% risk of failure)
Press: ? - help, Shift-Dir - straight line, f - fulminant prism
Aim: a fulminant prism (friendly, 100% to hit)
You feel a surge of power!
Really fire at your fulminant prism? [Y]es or [N]o only, please.
Really fire at your fulminant prism? [Y]es or [N]o only, please.
Really fire at your fulminant prism?
Okay, then.
Casting: Searing Ray (safe; 0% risk of failure)
Confirm with . or Enter, or press ? or * to list all spells.
Aiming: Searing Ray (safe; 0% risk of failure)
Press: ? - help, Shift-Dir - straight line, f - rime drake, p - fulminant prism
Aim: a rime drake (water, ally target, 79% to hit)
You feel a surge of power!
The searing ray hits the rime drake!
The rime drake is moderately wounded. (Press . to maintain the ray.) Mikana points at the rime drake and mumbles some strange words.
The stone arrow misses the rime drake.
The rime drake closely misses Mikana.
Your fulminant prism crackles loudly.
The searing ray hits the rime drake!
The rime drake is heavily wounded.
Mikana closely misses the rime drake.
The rime drake breathes ice at you.
The flash freeze hits Mikana!
Mikana partially resists.
Mikana is flash-frozen.
Your fulminant prism explodes!
The blast of energy engulfs the rime drake!
You kill the rime drake!
Mikana is no longer encased in ice.
A swamp dragon comes into view.
Casting: Searing Ray (safe; 0% risk of failure)
Confirm with . or Enter, or press ? or * to list all spells.
Aiming: Fulminant Prism (mildly dangerous; 1% risk of failure)
Press: ? - help, Dir - move target You feel a surge of power!
You conjure a prism of explosive energy!
A fulminant prism comes into view.
Casting: Fulminant Prism (mildly dangerous; 1% risk of failure)
Confirm with . or Enter, or press ? or * to list all spells.
Aiming: Fulminant Prism (mildly dangerous; 1% risk of failure)
Press: ? - help, Dir - move target You feel a surge of power!
You conjure a prism of explosive energy!
A fulminant prism comes into view.
Your fulminant prism crackles loudly.
Your fulminant prism explodes!
The blast of energy engulfs the swamp dragon!!!
The swamp dragon is heavily wounded.
Your fulminant prism crackles loudly.
You hear a roar!
Your fulminant prism explodes!
Casting: Fulminant Prism (mildly dangerous; 1% risk of failure)
Confirm with . or Enter, or press ? or * to list all spells.
Aiming: Searing Ray (safe; 0% risk of failure)
Press: ? - help, Shift-Dir - straight line, f - swamp dragon
Aim: a swamp dragon (water, heavily wounded, ally target, 90% to hit)
Okay, then.
Casting: Searing Ray (safe; 0% risk of failure)
Confirm with . or Enter, or press ? or * to list all spells.
Aiming: Fulminant Prism (mildly dangerous; 1% risk of failure)
Press: ? - help, Dir - move target You feel a surge of power!
You conjure a prism of explosive energy!
A fulminant prism comes into view.
The swamp dragon barely misses Mikana.
The swamp dragon closely misses Mikana.
The swamp dragon tramples Mikana.
Mikana holds her ground!
Mikana hits the swamp dragon but does no damage.
Casting: Fulminant Prism (mildly dangerous; 1% risk of failure)
Confirm with . or Enter, or press ? or * to list all spells.
Aiming: Fulminant Prism (mildly dangerous; 1% risk of failure)
Press: ? - help, Dir - move target You feel a surge of power!
You conjure a prism of explosive energy!
A fulminant prism comes into view.
The swamp dragon bites Mikana!
The swamp dragon misses Mikana.
The swamp dragon barely misses Mikana.
Mikana hits the swamp dragon with a +0 quarterstaff!!
Your fulminant prism crackles loudly.
The swamp dragon bites Mikana!
The swamp dragon claws Mikana.
Mikana is destroyed!
Your fulminant prism explodes!
The blast of energy engulfs the swamp dragon!!
You kill the swamp dragon!
Your fulminant prism crackles loudly.
You enter the shallow water.
Moving in this stuff is going to be slow.
Your fulminant prism explodes!
You hear an angry hiss.
You hear a roar!
You start resting.
An iguana comes into view.
An acid dragon comes into view.
The iguana hisses angrily.
Casting: Fulminant Prism (mildly dangerous; 1% risk of failure)
Confirm with . or Enter, or press ? or * to list all spells.
Aiming: Fulminant Prism (mildly dangerous; 1% risk of failure)
Press: ? - help, Dir - move target You feel a surge of power!
You conjure a prism of explosive energy!
* * * LOW MAGIC WARNING * * *
A fulminant prism comes into view.
The iguana splashes around in the water.
Your fulminant prism crackles loudly.
A fire dragon comes into view.
Your fulminant prism explodes!
The blast of energy engulfs the iguana!
The iguana is almost dead.
The blast of energy engulfs the acid dragon!!
The acid dragon is almost dead.
You enter the shallow water.
Moving in this stuff is going to be slow.
The iguana barely misses you. Why would you want to do that?
You block the acid dragon's attack. The acid dragon claws you.
The acid dragon barely misses you. The acid dragon closely misses you.
The acid dragon spits acid at you. The splash of acid hits you!!
The fire dragon breathes flames at you. The blast of flame hits you!
You are engulfed in a cloud of scalding steam.
* * * LOW HITPOINT WARNING * * *
As you read the scroll of teleportation, it crumbles to dust.
You feel strangely unstable. The acid dragon spits acid at you.
The splash of acid hits you!!
* * * LOW HITPOINT WARNING * * *
The acid corrodes you!
Okay, then.
The fire dragon bites you but does no damage.
The fire dragon claws you but does no damage.
The fire dragon barely misses you. The fire dragon breathes flames at you.
The blast of flame hits you!!!
Ouch! That really hurt!
You die...

♣♣.♣..≈♣* ,, ≈ ≈
♣......♣♣ { *
♣...≈.≈.♣♣ , ≈
♣♣.♣♣.≈≈≈.♣♣♣♣.≈≈≈≈≈♣
♣.†♣≈≈♣♣≈.P♣ .≈..≈≈≈♣
♣♣..≈♣♣..≈≈♣♣♣≈≈≈≈≈≈♣
♣..[≈♣♣♣.≈≈≈♣♣.≈≈≈≈≈♣
♣♣†≈♣..♣..≈..♣♣.≈≈≈≈♣
♣≈≈.♣..♣.@§♣♣♣..≈≈≈.♣
###
♣.≈♣♣♣..♣♣.DD♣♣.≈≈.)♣
..##
♣♣.≈♣♣...♣.l≈≈≈≈≈..♣*
...###
♣♣..♣♣.♣♣♣♣♣≈≈≈≈...♣
...[.#♣♣.≈.♣♣♣
♣P≈≈...♣♣
.....#.≈≈...###
♣♣♣♣♣♣♣♣
..............#
.............## ###
.........#...#
######.####


You could see a fire dragon (catching breath), an acid dragon and an iguana.

Vanquished Creatures
  5 boulder beetles
  4 hydras
  2 two-headed ogres
  A death knight (D:12)
  10 death yaks
  A swamp dragon (Lair:6)
  A deep elf pyromancer (D:12)
  10 elephants
  A manticore (D:12)
  A cyclops (D:11)
  A torpor snail (Lair:6)
  A gargoyle (D:10)
  5 black mambas
  11 cane toads
  5 rime drakes
  2 unseen horrors (D:12)
  6 komodo dragons
  3 trolls
  11 polar bears
  3 raiju (Lair:6)
  4 blink frogs
  17 dream sheep
  A wraith (D:11)
  2 wyverns
  Eustachio (D:6)
  A basilisk (Lair:1)
  51 yaks
  2 steam dragons
  Menkaure (D:6)
  3 swamp worms (Lair:4)
  2 wargs (Lair:6)
  5 acid dragons
  9 water moccasins
  8 hell hounds (Lair:6)
  2 ice beasts
  2 sky beasts
  7 orc warriors
  12 black bears
  An ogre (D:6)
  2 necrophages
  16 wolves
  3 centaurs
  2 kobold brigands
  Blork the orc (D:6)
  8 bullfrogs
  2 scorpions (D:5)
  6 killer bees (D:9)
  7 wights
  3 electric eels
  3 howler monkeys (D:9)
  3 centaur zombies
  10 jellies
  2 hounds
  A gnoll shaman (D:8)
  An orc priest (D:7)
  4 centaur skeletons
  4 iguanas
  A scorpion zombie (D:5)
  2 hell rats (D:9)
  10 orc wizards
  A hound skeleton (D:4)
  2 howler monkey zombies
  5 adders
  9 gnolls
  A howler monkey skeleton (D:5)
  3 river rats (D:9)
  A white imp (D:7)
  3 worms
  30 orcs
  2 bats (D:2)
  7 endoplasms
  3 giant cockroaches
  6 goblins
  6 hobgoblins
  6 jackals
  3 quokkas
  5 ball pythons
  A frilled lizard (D:3)
  13 kobolds
  A quokka skeleton (D:4)
  6 rats
  5 fulminant prisms
425 creatures vanquished.

Vanquished Creatures (collateral kills)
  Gastronok (Lair:2)
  A hydra (Lair:4)
  2 death yaks
  A bog body (Lair:4)
  A centaur zombie (D:11)
  5 elephants
  Joseph (D:10)
  A black mamba (Lair:4)
  2 rime drakes
  5 komodo dragons
  7 polar bears
  3 blink frogs
  8 dream sheep
  3 wyverns
  2 redbacks (Lair:3)
  15 yaks
  A wraith (D:12)
  A vampire (D:12)
  A basilisk (Lair:6)
  A steam dragon (Lair:6)
  2 swamp worms (Lair:4)
  2 wargs (Lair:6)
  4 water moccasins
  6 hell hounds (Lair:6)
  2 black bears (Lair:6)
  A swamp drake (Lair:6)
  6 wolves
  2 centaurs
  A bullfrog (Lair:2)
  A howler monkey (D:10)
  4 jellies (Lair:6)
  2 orc wizards
  A river rat (D:9)
  3 orcs (D:9)
  A kobold (D:10)
100 creatures vanquished.

Vanquished Creatures (others)
  10 ancestors
  14 battlemagi
  271 fulminant prisms
  28 fungi
  65 plants
388 creatures vanquished.

Grand Total: 913 creatures vanquished

Notes
Turn   | Place    | Note
-------+----------+-------------------------------------------
     0 | D:1      | sleeves the Demonspawn Conjurer began the quest for the
                  | Orb.
     0 | D:1      | Reached XP level 1. HP: 13/13 MP: 3/3
   316 | D:1      | Gained mutation: You have a pair of small antennae on your
                  | head. [demonic ancestry]
   316 | D:1      | Reached XP level 2. HP: 19/19 MP: 1/5
   897 | D:1      | Found a faded altar of an unknown god.
  1036 | D:2      | HP: 9/19 [poisoned by an adder]
  1241 | D:2      | Learned a level 2 spell: Searing Ray
  1346 | D:2      | Reached skill level 5 in Conjurations
  1403 | D:2      | Gained mutation: You have a pair of antennae on your head.
                  | [demonic ancestry]
  1403 | D:2      | Reached XP level 3. HP: 20/24 MP: 0/6
  1609 | D:2      | HP: 9/24 [gnoll (7)]
  1614 | D:1      | HP: 5/24 [gnoll (5)]
  1857 | D:2      | Reached XP level 4. HP: 22/30 MP: 2/7
  2556 | D:2      | Reached skill level 6 in Conjurations
  3903 | D:4      | Found a bloodstained altar of Trog.
  3985 | D:4      | Reached XP level 5. HP: 35/35 MP: 1/8
  4321 | D:4      | Found a sacrificial altar of Ru.
  4345 | D:4      | Reached skill level 7 in Conjurations
  4472 | D:4      | Noticed a black bear
  4478 | D:4      | Killed a black bear
  4479 | D:4      | Gained mutation: Your demonic aura sometimes causes spilled
                  | blood to erupt in flames. [demonic ancestry]
  4479 | D:4      | Reached XP level 6. HP: 41/41 MP: 1/9
  4586 | D:4      | You fall into a shaft and drop 2 floors!
  4586 | D:6      | Noticed Blork the orc
  4595 | D:6      | Gained mutation: You passively map a small area around you.
                  | [potion of mutation]
  4595 | D:6      | Gained mutation: Your mind is acute. (Int +2) [potion of
                  | mutation]
  4598 | D:6      | HP: 23/61 [iguana (9)]
  4600 | D:6      | Killed Blork the orc
  4601 | D:6      | Reached skill level 8 in Conjurations
  4695 | D:6      | Noticed an ice beast
  4700 | D:6      | Killed an ice beast
  4701 | D:6      | Gained mutation: You have a pair of large antennae on your
                  | head. (SInv) [demonic ancestry]
  4701 | D:6      | Reached XP level 7. HP: 32/46 MP: 3/10
  4815 | D:6      | Noticed Eustachio
  4852 | D:5      | Entered Level 5 of the Dungeon
  5028 | D:5      | Found a transporter.
  5031 | D:5      | Noticed a fire bat
  5031 | D:5      | Noticed a fire bat
  5038 | D:5      | Found an iron altar of Okawaru.
  5111 | D:4      | Found a shadowy altar of Dithmenos.
  5181 | D:4      | Found a radiant altar of Vehumet.
  5321 | D:5      | Found a transporter.
  5443 | D:5      | Reached skill level 9 in Conjurations
  5602 | D:5      | Learned a level 4 spell: Fulminant Prism
  5619 | D:5      | HP: 21/46 [scorpion (7)]
  5626 | D:5      | HP: 23/46 [poisoned by a scorpion]
  5631 | D:5      | HP: 18/46 [poisoned by a scorpion]
  5969 | D:5      | Reached skill level 10 in Conjurations
  6154 | D:5      | Reached XP level 8. HP: 52/52 MP: 7/11
  6971 | D:6      | Killed Eustachio
  6972 | D:6      | Reached skill level 3 in Spellcasting
  7182 | D:6      | Noticed Menkaure
  7193 | D:6      | Killed Menkaure
  7336 | D:6      | Found a hide-covered altar of Uskayaw.
  7445 | D:6      | Reached skill level 4 in Spellcasting
  7690 | D:6      | Reached skill level 11 in Conjurations
  7845 | D:6      | Found a staircase to the Ecumenical Temple.
  8104 | Temple   | Entered the Ecumenical Temple
  8194 | Temple   | Became a worshipper of Hepliaklqana the Forgotten
  8576 | D:7      | Reached skill level 5 in Spellcasting
  8577 | D:7      | Reached XP level 9. HP: 57/57 MP: 10/16
  9084 | D:7      | Found a shimmering altar of Xom.
  9542 | D:8      | Learned a level 4 spell: Iskenderun's Mystic Blast
  9934 | D:8      | Reached skill level 6 in Spellcasting
  9977 | D:8      | Reached skill level 1 in Fighting
 10110 | D:8      | Reached skill level 2 in Fighting
 10113 | D:8      | Reached skill level 12 in Conjurations
 10119 | D:8      | Reached skill level 3 in Fighting
 10140 | D:8      | HP: 26/63 [centaur/arrow (13)]
 10425 | D:8      | Reached skill level 7 in Spellcasting
 10425 | D:8      | Reached XP level 10. HP: 71/71 MP: 12/20
 10525 | D:8      | Found a basalt altar of Yredelemnul.
 10590 | D:8      | Reached * piety under Hepliaklqana
 10712 | D:8      | Reached skill level 4 in Fighting
 11374 | D:9      | Noticed a boulder beetle
 11410 | D:9      | HP: 32/65 [boulder beetle (33)]
 11665 | D:9      | HP: 21/65 [spore (29)]
 12030 | D:9      | HP: 17/65 [boulder beetle (48)]
 12613 | D:9      | Found Fijeby's Distillery.
 12620 | D:9      | Bought a potion of curing for 39 gold pieces
 13023 | D:9      | Reached skill level 5 in Fighting
 13052 | D:9      | Found a staircase to the Lair.
 13053 | D:9      | Noticed a death yak
 13055 | D:9      | Noticed a death yak
 13058 | D:9      | Noticed a death yak
 13062 | D:9      | Killed a death yak
 13062 | D:9      | HP: 6/66 [boulder beetle (46)]
 13063 | D:9      | Reached skill level 8 in Spellcasting
 13063 | D:9      | Reached skill level 13 in Conjurations
 13469 | D:8      | HP: 26/68 [spore (21)]
 13485 | D:8      | Killed a death yak
 13486 | D:8      | Reached skill level 6 in Fighting
 13809 | D:9      | Killed a boulder beetle
 13970 | D:9      | Found a stormy altar of Qazlal.
 14135 | D:10     | Entered Level 10 of the Dungeon
 14206 | D:10     | Noticed a gargoyle
 14229 | D:10     | Gained mutation: You are partially covered in slimy green
                  | scales. (AC +2) [demonic ancestry]
 14229 | D:10     | Reached XP level 11. HP: 46/74 MP: 16/23
 14586 | D:10     | Noticed a two-headed ogre
 14610 | D:10     | Killed a two-headed ogre
 14611 | D:10     | Reached skill level 7 in Fighting
 14759 | D:10     | Reached skill level 9 in Spellcasting
 14759 | D:10     | Reached skill level 1 in Evocations
 15118 | D:10     | Noticed Joseph
 15124 | D:10     | Killed Joseph
 15325 | D:10     | Found an ancient bone altar of Kikubaaqudgha.
 15937 | D:10     | Found a shimmering blue altar of Sif Muna.
 16106 | D:11     | Reached skill level 2 in Evocations
 16120 | D:11     | Identified the +3 quarterstaff "Zahae" {vorpal, *Rage rElec
                  | rPois Stlth+}
 16255 | D:11     | Noticed a two-headed ogre
 16413 | D:11     | Identified the +10 spear of Expedience {drain, rPois}
 16430 | D:11     | Killed a two-headed ogre
 16510 | D:11     | Reached ** piety under Hepliaklqana
 16541 | D:11     | Reached skill level 3 in Evocations
 16718 | D:11     | Found a staircase to the Orcish Mines.
 16837 | D:11     | Learned a level 2 spell: Blink
 16954 | D:12     | Reached skill level 8 in Fighting
 16954 | D:12     | Reached skill level 14 in Conjurations
 17136 | D:12     | Noticed a deep elf pyromancer
 17150 | D:12     | Killed a deep elf pyromancer
 17153 | D:12     | Remembered your ancestor Mikana as a battlemage
 17250 | D:12     | Noticed a phantasmal warrior
 17251 | D:12     | Noticed a death knight
 17257 | D:12     | Reached skill level 4 in Evocations
 17265 | D:12     | Killed a death knight
 17448 | Lair:1   | Entered Level 1 of the Lair of Beasts
 17466 | Lair:1   | Noticed an eight-headed hydra
 17475 | Lair:1   | Killed an eight-headed hydra
 17476 | Lair:1   | Gained mutation: You are mostly covered in slimy green
                  | scales. (AC +3) [demonic ancestry]
 17476 | Lair:1   | Reached XP level 12. HP: 75/84 MP: 10/25
 17653 | Lair:1   | Reached skill level 10 in Spellcasting
 17710 | Lair:1   | Reached skill level 5 in Evocations
 17891 | Lair:1   | Learned a level 4 spell: Passage of Golubria
 17931 | Lair:1   | Reached skill level 9 in Fighting
 18207 | Lair:1   | Found an ancient bone altar of Kikubaaqudgha.
 18222 | Lair:1   | Reached *** piety under Hepliaklqana
 18810 | Lair:2   | Noticed a death yak
 18811 | Lair:2   | Noticed a death yak
 18811 | Lair:2   | Noticed a death yak
 18811 | Lair:2   | Noticed a death yak
 18812 | Lair:2   | Noticed a death yak
 18815 | Lair:2   | Noticed a death yak
 18819 | Lair:2   | Killed a death yak
 18819 | Lair:2   | HP: 32/85 [spore (19)]
 18820 | Lair:2   | Killed a death yak
 18839 | Lair:2   | HP: 38/85 [death yak (19)]
 18841 | Lair:2   | Killed a death yak
 18841 | Lair:2   | Killed a death yak
 18842 | Lair:2   | Reached skill level 6 in Evocations
 19079 | Lair:2   | Noticed Gastronok
 19130 | Lair:2   | Killed a death yak
 19141 | Lair:2   | Killed a death yak
 19283 | Lair:2   | Killed Gastronok
 19284 | Lair:2   | Reached skill level 15 in Conjurations
 19916 | Lair:3   | Reached skill level 10 in Fighting
 19916 | Lair:3   | Gained mutation: Your demonic aura often causes spilled
                  | blood to erupt in flames. [demonic ancestry]
 19916 | Lair:3   | Reached XP level 13. HP: 88/92 MP: 4/27
 20067 | Lair:3   | Reached skill level 11 in Spellcasting
 20067 | Lair:3   | Reached skill level 7 in Evocations
 20827 | Lair:3   | Found a hole to the Spider Nest.
 20835 | Lair:3   | Reached **** piety under Hepliaklqana
 21778 | Lair:4   | Reached skill level 8 in Evocations
 21817 | Lair:4   | Reached skill level 1 in Shields
 22349 | Lair:4   | Identified the +1 scale mail of Uskayaw's Scorn {Fly rElec
                  | rPois Dex-2}
 22583 | Lair:4   | HP: 29/92 [spore (29)]
 22708 | Lair:4   | Reached skill level 2 in Shields
 22729 | Lair:4   | Found a staircase to the Swamp.
 23009 | Lair:5   | Reached skill level 3 in Shields
 23132 | Lair:5   | Reached ***** piety under Hepliaklqana
 23162 | Lair:5   | Reached skill level 12 in Spellcasting
 23170 | Lair:5   | Reached skill level 16 in Conjurations
 23176 | Lair:5   | Reached skill level 9 in Evocations
 23641 | Lair:5   | Gained mutation: You are completely covered in slimy green
                  | scales. (AC +4, rPois) [demonic ancestry]
 23641 | Lair:5   | Reached XP level 14. HP: 72/99 MP: 12/30
 24038 | Lair:6   | Entered Level 6 of the Lair of Beasts
 24099 | Lair:6   | Reached skill level 4 in Shields
 24635 | Lair:6   | Reached skill level 10 in Evocations
 25116 | Lair:6   | Found a staircase to the Slime Pits.
 25387 | Lair:6   | Reached skill level 13 in Spellcasting
 25711 | Lair:6   | Reached skill level 17 in Conjurations
 26735 | Lair:6   | HP: 49/99 [fire dragon] (8)]
 26736 | Lair:6   | HP: 22/99 [acid dragon/splash of acid (29)]
 26738 | Lair:6   | Killed from afar by a fire dragon

Illustrated notes

Levels and vault maps discovered:
D:1:      lemuel_arrival_muddy, layout_basic,
          shapermc_ecumenical_altar_mp_highgroup, st_stairs_11,
          kennysheep_another_room
D:2:      layout_loops_ring, hex_tiny
D:3:      layout_loops_ring, nicolae_elyvilon_temple_path
D:4:      layout_cave_pods, lemuel_round_altar, mainiacjoe_overflow_brackets,
          mainiacjoe_overflow_big_doors
D:5:      gammafunk_cloud_chamber, layout_basic,
          mainiacjoe_overflow_concentric_impassable
D:6:      layout_basic, eat_drink_and_be_merry_uskayaw,
          minmay_temple_entry_enclosed_plants, minmay_misc_feat_pillars,
          st_stairs_5, uniq_menkaure, uniq_eustachio, uniq_blork_the_orc
D:7:      layout_loops_ring, mainiacjoe_overflow_boulevard
D:8:      layout_basic, amcnicky_altar_gilded
D:9:      layout_gridville, chequers_temple_overflow_statue_of_worship,
          dpeg_lair_monsters, serial_shops,
          nicolae_shop_temple_entry_statues_fountains, serial_glass,
          glass_columns_b, glass_columns_a
D:10:     layout_loops_corners, tgw_sif, nicolae_kikubaaqudgha_miasma_corner,
          minmay_joined_circles, uniq_joseph
D:11:     layout_rooms, serial_curves, eino_curves_02, eino_curves_02
D:12:     layout_roguey, grunt_ministairs_1, roderic_serpentine_path
Temple:   dpeg_three_leaves_temple
Lair:1:   layout_long_grid, special_room, basic_altar
Lair:2:   layout_roguey, cheibrodos_lair_lostbears, serial_bayou_shore_b,
          uniq_gastronok
Lair:3:   layout_gridlike, spider_nest_entry_webs, serial_bayou_ford_a
Lair:4:   layout_gridlike, nicolae_swamp_entry_splash_gauntlet
Lair:5:   layout_misc_corridors, lemuel_fruit_tree, grunt_megastairs_1,
          serial_bayou_shore_a
Lair:6:   guppyfry_lair_end_dragon, layout_hall_layers,
          hangedman_lair_caniforms_friends, minmay_slime_entry_jelly_boxes

Skill      XL: |  1  2  3  4  5  6  7  8  9 10 11 12 13 14 |
---------------+-------------------------------------------+-----
Conjurations   | 5 6 7 8 10 11 12 13 14 15 16 17 | 17.4
Spellcasting   | 5 7 8 9 10 12 13 | 13.6
Fighting       | 3 6 8 10 | 10.1
Evocations     | 4 6 9 10 | 10.0
Shields        | 3 4 |  4.0
Dodging        | |  1.7
Stealth        | |  1.7

Action                   |  1- 3 |  4- 6 |  7- 9 | 10-12 | 13-15 || total
-------------------------+-------+-------+-------+-------+-------++-------
Melee: Dagger            |     3 |       |       |       |       ||     3
       Staff             |     1 |     2 |    11 |     7 |    41 ||    62
 Cast: Magic Dart        |    42 |    87 |   101 |    72 |    45 ||   347
       Searing Ray       |     3 |     7 |    35 |    72 |    71 ||   188
       Fulminant Prism   |       |       |    17 |   123 |   136 ||   276
       Iskenderun's Myst |       |       |       |     7 |    18 ||    25
       Blink             |       |       |       |       |     1 ||     1
Invok: Recall Ancestor   |       |       |       |     3 |     1 ||     4
       Ancestor Identity |       |       |       |     2 |       ||     2
       Ancestor Life: Ba |       |       |       |     1 |       ||     1
Evoke: Wand              |       |       |     6 |     4 |       ||    10
  Use: Potion            |       |     4 |     2 |       |       ||     6
       Scroll            |       |       |     7 |     3 |    13 ||    23
 Stab: Distracted        |       |       |       |       |     1 ||     1
Armor: Robe              |     3 |     4 |    12 |    10 |       ||    29
       Skin              |       |     6 |       |       |       ||     6
       Troll leather arm |       |       |       |    20 |    66 ||    86
Dodge: Dodged            |     6 |    15 |    58 |    72 |   139 ||   290
Block: Buckler           |       |       |       |       |    38 ||    38

Table legend: (Time is in decaauts)
 A = Elapsed time spent in this place.
 B = Non-inter-level travel time spent in this place.
 C = Inter-level travel time spent in this place.
 D = Time resting spent in this place.
 E = Time spent auto-exploring this place.
 F = Levels seen in this place.
 G = Mean time per level.
                   A        B        C        D        E       F      G
               +--------+--------+--------+--------+--------+-----+--------+
         Total |  26825 |  25775 |   1050 |   5131 |  16847 |  19 | 1411.8 |
       Dungeon |  17456 |  16686 |    770 |   3407 |  11093 |  12 | 1454.7 |
        Temple |     98 |     71 |     27 |      0 |     58 |   1 |   98.0 |
          Lair |   9270 |   9018 |    252 |   1724 |   5696 |   6 | 1545.0 |
               +--------+--------+--------+--------+--------+-----+--------+

Top non-repeatable levels by time:
     D:8: 2576 daAuts
     D:9: 2280 daAuts
    D:10: 2040 daAuts
     D:5: 1966 daAuts
  Lair:6: 1952 daAuts
  Lair:5: 1884 daAuts
  Lair:2: 1687 daAuts
     D:6: 1520 daAuts
  Lair:4: 1506 daAuts
     D:1: 1487 daAuts
     D:2: 1348 daAuts
     D:4: 1229 daAuts
  Lair:3: 1149 daAuts
  Lair:1: 1091 daAuts
     D:7: 1019 daAuts
